 Dungeon Sprint DCSS version 0.27-a0-909-g0721f309d1 (webtiles) character file.

Game seed: 16782265641620812285

7 EnegeticOcto the Cutter (level 2, -2/28 HPs)
             Began as a Kobold Berserker on Apr 8, 2021.
             Was a Follower of Trog.
             Slain by a merfolk siren
             ... wielding a +0 trident
              (12 damage)
             ... in the Dungeon (Sprint II: "The Violet Keep of Menkaure").
             The game lasted 00:00:22 (67 turns).

EnegeticOcto the Cutter (Kobold Berserker)            Turns: 67, Time: 00:00:23

Health: -2/28      AC:  2    Str: 14    XL:     2   Next: 5%
Magic:  2/2        EV: 14    Int:  8    God:    Trog [*.....]
Gold:   243        SH:  0    Dex: 14    Spells: 1/1 levels left

rFire    . . .     SeeInvis .   a - +0 short sword
rCold    . . .     Faith    .   (shield restricted)
rNeg     . . .     Spirit   .   b - +0 animal skin
rPois    .         Reflect  .   (no helmet)
rElec    .         Harm     .   (no cloak)
rCorr    .         Rampage  .   (no gloves)
Will     .....     NoTele   +   (no boots)
Stlth    ..........             (no amulet)
HPRegen  0.09/turn              (no ring)
MPRegen  0.08/turn              (no ring)

@: berserking, very quick
A: small, no large weapons, nightstalker 3
a: Renounce Religion, Berserk


You were in the Dungeon.
You worshipped Trog.
Trog was aware of your devotion.
You visited 1 branch You collected 243 gold pieces.

Inventory:

Hand Weapons
 a - a +0 short sword (weapon)
Armour
 b - a +0 animal skin (worn)
Scrolls
 h - a scroll of blinking {@r4}
Potions
 c - a potion of curing {@q1 !q}
 d - a potion of heal wounds {@q2 !q}
 e - a potion of haste {@q4 !q}
 f - 2 potions of magic
 g - a potion of berserk rage


   Skills:
 - Level 3.2 Fighting
 + Level 4.9 Short Blades
 - Level 1.5 Armour
 - Level 2.4 Dodging
 * Level 4.2 Stealth


You had one spell level left.
You didn't know any spells.
Your spell library was empty.

Dungeon Overview and Level Annotations

Branches:
Dungeon (1/1)

Altars:


Innate Abilities, Weirdness & Mutations

You are small and have problems with some larger weapons.
You are completely attuned to the shadows.


Message History

Welcome, EnegeticOcto the Kobold Berserker.
Trog says: Kill them all!
Press ? for a list of commands and other information.
Found a staircase leading out of the dungeon.
You open the door.
A neqoxec comes into view.
You close the door.
As you open the door, it creaks loudly! 2 worms come into view.
Found 243 gold pieces.
A red film seems to cover your vision as you go berserk!
You feel yourself moving faster!
You feel mighty!
You puncture the worm!
The worm is heavily wounded.
You puncture the worm!
You kill the worm!
Trog accepts your kill.
Your Stealth skill gained 3 levels and is now at level 3!
The worm bites you.
There is an open door here.
You hit the worm.
The worm is lightly wounded.
You hit the worm.
The worm is moderately wounded.
You puncture the worm!
The worm is severely wounded.
The worm barely misses you.
You hit the worm.
The worm is almost dead.
You puncture the worm!
You kill the worm!
Trog accepts your kill.
Your Stealth skill increases to level 4!
You have reached level 2!
You now have 243 gold pieces.
You start resting.
You feel a strong urge to attack something.
You are no longer berserk.
You are exhausted.
You feel yourself slow down.
You start resting.
You feel yourself speed up.
You start resting.
You recover from your berserk rage.
There is an open door here.
You open the door. 2 boulder beetles come into view.
Found 243 gold pieces.
You close the door.
You open the door.
A merfolk siren comes into view. It is wielding a +0 trident.
Found 243 gold pieces.
The merfolk siren shouts!
The merfolk siren closely misses you.
There is an open door here.
The merfolk siren hits you with a +0 trident!
Ouch! That really hurt!
You see here 243 gold pieces.
A red film seems to cover your vision as you go berserk!
You feel yourself moving faster!
You feel mighty!
The merfolk siren completely misses you.
You barely miss the merfolk siren.
The merfolk siren hits you with a +0 trident!
You die...

## ## ##.
.##
#..#m.# #
#.@.# # #.
##'## 3#
$B.##.##.#
#+.<.+#
.B.##.###
#. #'## #
#..##
##..# #.##


You could see a merfolk siren.

Vanquished Creatures
  2 worms (D)
2 creatures vanquished.

Vanquished Creatures (others)
  A water moccasin (D)
1 creature vanquished.

Grand Total: 3 creatures vanquished

Notes
Turn   | Place    | Note
-------+----------+-------------------------------------------
     0 | D        | EnegeticOcto the Kobold Berserker began the quest for the
                  | Orb.
     0 | D        | Reached XP level 1. HP: 14/14 MP: 1/1
     1 | D        | Noticed a neqoxec
     8 | D        | Reached skill level 3 in Stealth
    14 | D        | Reached skill level 4 in Stealth
    14 | D        | Reached XP level 2. HP: 19/19 MP: 2/2
    25 | D        | Killed a water moccasin
    60 | D        | Noticed a boulder beetle
    60 | D        | Noticed a boulder beetle
    63 | D        | Noticed a merfolk siren
    67 | D        | Slain by a merfolk siren

Illustrated notes

Levels and vault maps discovered:
D:        the_violet_keep_of_menkaure [sprint2_stairs_cluster_1,
          sprint2_shoproom, sprint2_temple, sprint2_basic_supplies,
          sprint2_obstacle_5, sprint2_obstacle_7, sprint2_obstacle_6,
          sprint2_obstacle_2, sprint2_obstacle_4, sprint2_timed_cluster_1,
          sprint2_smallroom_cluster_1, sprint2_smallroom_final_cluster_1,
          sprint2_transparent_cluster_1, sprint2_second_timed_cluster_1,
          sprint2_sniper_area_1, sprint2_heavy_combat_area_1,
          sprint2_mutation_trap_area_1, sprint2_forest_area_1,
          sprint2_light_combat_area_1, sprint2_behind_water_1,
          sprint2_near_end_vault_1]

Skill      XL: |  1 |
---------------+----+-----
Stealth        | 4 |  4.2
Fighting       | |  3.2
Short Blades   | |  4.9
Armour         | |  1.5
Dodging        | |  2.4

Action                   || total
-------------------------++-------
Melee: Short sword       ||     8
Invok: Berserk           ||     2
Dodge: Dodged            ||     3

Table legend: (Time is in decaauts)
 A = Elapsed time spent in this place.
 B = Non-inter-level travel time spent in this place.
 C = Inter-level travel time spent in this place.
 D = Time resting spent in this place.
 E = Time spent auto-exploring this place.
 F = Levels seen in this place.
 G = Mean time per level.
                   A        B        C        D        E       F      G
               +--------+--------+--------+--------+--------+-----+--------+
         Total |     75 |     75 |      0 |     51 |      0 |   1 |   75.0 |
       Dungeon |     75 |     75 |      0 |     51 |      0 |   1 |   75.0 |
               +--------+--------+--------+--------+--------+-----+--------+

Top non-repeatable levels by time:
       D: 75 daAuts
